Map: Ancient Cistern LE

Players

NightPhoenix

  • Race: Protoss Protoss
  • Spawn Location: 7:00

MaNa - Winner!

  • Race: Protoss Protoss
  • Spawn Location: 1:00

Event: ESL SC2 Masters 2023 Summer (Finals)

VOD

Have the link to the VOD?

Description

Time

  • Played on: June 16, 2023, 4:53 a.m.
  • Length: 6:10

All games in this series

Show
View Real Time Build Order
Export as new Build Order

NightPhoenix Protoss 

Build Orders: Blink Stalkers 

Get SALT Encoding   

  12  0:00  Probe  
  13  0:12  Probe  
  14  0:19  Pylon  
  14  0:24  Probe  
  15  0:37  Probe (Chrono Boost)  
  15  0:39  Gateway  
  16  0:46  Probe (Chrono Boost)  
  16  0:48  Assimilator  
  17  0:52  Probe  
  18  0:57  Assimilator  
  19  1:04  Probe (Chrono Boost)  
  19  1:10  Gateway  
  19  1:14  Probe (Chrono Boost)  
  20  1:19  Probe (Chrono Boost)  
  21  1:28  Cybernetics Core  
  21  1:31  Probe  
  22  1:39  Pylon  
  22  1:43  Probe  
  23  1:57  Probe  
  24  2:05  Stalker x2  
  24  2:06  Warp Gate  
  28  2:10  Probe  
  29  2:18  Pylon  
  29  2:26  Pylon  
  29  2:35  Stalker  
  31  2:38  Stalker  
  31  2:43  Twilight Council  
  33  3:07  Nexus  
  33  3:13  Blink (Chrono Boost)  
  33  3:33  Probe  
  34  3:35  Pylon  
  30  3:53  Probe  
  31  3:56  Gateway  
  31  4:00  Stalker x2  
  35  4:10  Pylon  
  35  4:23  Stalker  
  37  4:25  Stalker  
  39  4:38  Gateway  
  39  4:49  Stalker  
  41  4:53  Stalker  
  43  5:00  Stalker  
  43  5:17  Stalker x2  
  47  5:28  Stalker  
  49  5:39  Stalker  
  49  5:40  Stalker  
  41  6:02  Stalker x2  
Show
View Real Time Build Order
Export as new Build Order

MaNa Protoss - Winner!

Build Orders:  

Get SALT Encoding   

  12  0:00  Probe  
  13  0:12  Probe  
  14  0:17  Pylon  
  14  0:24  Probe (Chrono Boost)  
  15  0:36  Probe (Chrono Boost)  
  15  0:37  Gateway  
  16  0:44  Probe (Chrono Boost)  
  16  0:46  Assimilator  
  17  0:50  Probe  
  18  1:03  Probe (Chrono Boost)  
  19  1:04  Assimilator  
  19  1:10  Gateway  
  20  1:12  Probe (Chrono Boost)  
  20  1:17  Probe (Chrono Boost)  
  20  1:24  Cybernetics Core  
  21  1:29  Probe  
  22  1:34  Pylon  
  22  1:42  Probe  
  23  1:55  Probe  
  23  1:59  Warp Gate (Chrono Boost)  
  23  2:00  Stalker x2  
  28  2:07  Probe  
  29  2:12  Pylon  
  29  2:19  Probe  
  30  2:32  Pylon  
  30  2:33  Adept  
  30  2:34  Adept  
  30  2:36  Probe  
  35  2:56  Nexus  
  35  3:05  Shield Battery  
  35  3:06  Sentry  
  35  3:10  Sentry  
  39  3:16  Pylon  
  39  3:34  Probe  
  39  3:35  Twilight Council  
  40  3:41  Stalker  
  40  3:42  Stalker  
  44  3:56  Probe  
  44  4:00  Gateway  
  45  4:04  Blink (Chrono Boost)  
  45  4:05  Robotics Facility  
  46  4:13  Probe  
  47  4:22  Stalker x2  
  47  4:25  Stalker  
  47  4:27  Stalker  
  47  4:29  Probe  
  52  4:31  Probe  
  52  4:36  Shield Battery  
  54  4:50  Zealot  
  54  4:54  Immortal  
  56  5:00  Stalker  
  56  5:03  Stalker  
  60  5:09  Probe  
  60  5:10  Pylon  
  61  5:18  Probe  
  62  5:29  Stalker x2  
  62  5:30  Stalker  
  68  5:41  Pylon  
  67  5:46  Pylon  
  66  5:54  Stalker x2  
  66  5:55  Probe  
  65  6:02  Stalker  
Tags
 
Add a new tag
Caveats
  • Supply blocks, unpowered buildings, or Contaminate may cause inaccurate times.
  • Supply counts are checked every 10 seconds.